EL
BOWIE BAYSOX @ READING FIGHTIN PHILS
05/30/2042
 
TOP OF THE 1ST
Bowie Baysox batting - Pitching for Reading Fightin Phils : LHP Steve Latham
Pitching: LHP Steve Latham
Batting: RHB J.J. Watson 0-0: SINGLE (Line Drive, 78S, EV 104.4 MPH)
Batting: RHB Ruben Castillo 0-0: Ball
1-0: Foul Ball, location: 5F
1-1: Grounds into double play, 1-6-3 (Groundball, 34S, EV 72.5 MPH)
Batting: LHB Jim Gates 0-0: Ball
1-0: Swinging Strike
1-1: Ball
2-1: Ball
3-1: Base on Balls
Batting: RHB Jay Gilmore 0-0: Called Strike
0-1: Ball
1-1: Foul Ball, location: 2F
1-2: Ball
2-2: SINGLE (Line Drive, 78S, EV 87.5 MPH)
Jim Gates to second
Batting: RHB Keary Meyers 0-0: Ball
1-0: Called Strike
1-1: Foul Ball, location: 5F
1-2: Ball
2-2: Ball
3-2: Ground out 5-3 (Groundball, 56, EV 91.9 MPH)
Top of the 1st over - 0 runs, 2 hits, 0 errors, 2 left on base; Bowie 0 - Reading 0
BOTTOM OF THE 1ST
Reading Fightin Phils batting - Pitching for Bowie Baysox : RHP Jeffrey Hann
Pitching: RHP Jeffrey Hann
Batting: RHB Alex Lopez 0-0: Swinging Strike
0-1: Ball
1-1: Fly out, F9 (Line Drive, 9S, EV 105.0 MPH)
Batting: RHB Mike Calderon 0-0: Ball
1-0: Ball
2-0: Foul Ball, location: 3F
2-1: Ball
3-1: Foul Ball, location: 5F
3-2: Base on Balls
Batting: LHB Fu-quan Qu 0-0: Ball
1-0: Foul Ball, location: 2F
1-1: Grounds into double play, 4-6-3 (Groundball, 4S, EV 87.5 MPH)
Bottom of the 1st over - 0 runs, 0 hits, 0 errors, 0 left on base; Bowie 0 - Reading 0
TOP OF THE 2ND
Bowie Baysox batting - Pitching for Reading Fightin Phils : LHP Steve Latham
Batting: LHB Greg Ladd 0-0: Swinging Strike
0-1: Reached via error on a dropped throw from 2B, E3 (Groundball, 4S, EV 90.6 MPH)
Batting: RHB Joe Tamayo 0-0: Called Strike
0-1: Swinging Strike
0-2: Ball
1-2: Foul Ball, location: 2F
1-2: DOUBLE (Flyball, 8RD, EV 106.3 MPH)
Greg Ladd to third
Batting: RHB Jeremy Smith 0-0: Ball
1-0: Called Strike
1-1: Called Strike
1-2: Fly out, F9 (Flyball, 9LM, EV 78.8 MPH)
Batting: RHB Phil King 0-0: Called Strike
0-1: Fly out, F7 (Flyball, 78M, EV 96.9 MPH)
Runner from 3rd tags up, SCORES, throw by LF
Batting: RHB J.J. Watson 0-0: Ball
1-0: SINGLE (Groundball, 4D, EV 100.6 MPH)
Joe Tamayo to third
Batting: RHB Ruben Castillo 0-0: Called Strike
0-1: Ball
1-1: Foul Ball, location: 3F
1-2: Strikes out swinging
Top of the 2nd over - 1 run, 2 hits, 1 error, 2 left on base; Bowie 1 - Reading 0
BOTTOM OF THE 2ND
Reading Fightin Phils batting - Pitching for Bowie Baysox : RHP Jeffrey Hann
Batting: RHB Chris Perkinson 0-0: Fly out, F7 (Flyball, 78M, EV 88.1 MPH)
Batting: LHB Enrico DalSoglio 0-0: Called Strike
0-1: Ball
1-1: Foul Ball, location: 25F
1-2: Foul Ball, location: 2F
1-2: Ground out 6-3 (Groundball, 56D, EV 93.8 MPH)
Batting: LHB Balduíno Granadeiro 0-0: Fly out, F5 (Popup, 5SF, EV 75.0 MPH)
Bottom of the 2nd over - 0 runs, 0 hits, 0 errors, 0 left on base; Bowie 1 - Reading 0
TOP OF THE 3RD
Bowie Baysox batting - Pitching for Reading Fightin Phils : LHP Steve Latham
Batting: LHB Jim Gates 0-0: Ball
1-0: Swinging Strike
1-1: Foul Ball, location: 25F
1-2: Foul Ball, location: 25F
1-2: Ball
2-2: Foul Ball, location: 2F
2-2: Ball
3-2: Foul Ball, location: 7LMF
3-2: Foul Ball, location: 5FF
3-2: Foul Ball, location: 7LDF
3-2: Foul Ball, location: 3F
3-2: Base on Balls
Batting: RHB Jay Gilmore 0-0: Called Strike
0-1: Ball
1-1: Ball
2-1: Ball
3-1: Base on Balls
Jim Gates to second
Batting: RHB Keary Meyers 0-0: Called Strike
0-1: Called Strike
0-2: Foul Ball, location: 3FF
0-2: Ball
1-2: Ball
2-2: Strikes out swinging
Batting: LHB Greg Ladd 0-0: Ball
1-0: Ball
2-0: Foul Ball, location: 23FF
2-1: Swinging Strike
2-2: Strikes out swinging
Batting: RHB Joe Tamayo 0-0: Called Strike
0-1: Fly out, F9 (Flyball, 9S, EV 93.1 MPH)
Top of the 3rd over - 0 runs, 0 hits, 0 errors, 2 left on base; Bowie 1 - Reading 0
BOTTOM OF THE 3RD
Reading Fightin Phils batting - Pitching for Bowie Baysox : RHP Jeffrey Hann
Batting: RHB Tim Obst 0-0: Ball
1-0: Called Strike
1-1: Called Strike
1-2: Ball
2-2: Strikes out swinging
Batting: SHB Matt Crossen 0-0: SINGLE (Groundball, 6MD, EV 108.1 MPH)
Batting: RHB Bobby Erb 0-0: Ball
1-0: Called Strike
1-1: Ball
2-1: Grounds into double play, 4-6-3 (Groundball, 4, EV 77.5 MPH)
Bottom of the 3rd over - 0 runs, 1 hit, 0 errors, 0 left on base; Bowie 1 - Reading 0
TOP OF THE 4TH
Bowie Baysox batting - Pitching for Reading Fightin Phils : LHP Steve Latham
Batting: RHB Jeremy Smith 0-0: Ball
1-0: Foul Ball, location: 5F
1-1: Ball
2-1: Called Strike
2-2: Ball
3-2: Ground out 2-3 (Groundball, 15S, EV 69.4 MPH)
Batting: RHB Phil King 0-0: Ball
1-0: SINGLE (Line Drive, 6M, EV 99.4 MPH)
Batting: RHB J.J. Watson 0-0: DOUBLE (Line Drive, 78M, EV 110.6 MPH)
Phil King to third
Runner from 3rd tries for Home, SAFE, throw by LF to trailing runner, SAFE at third!
Batting: RHB Ruben Castillo 0-0: Foul Ball, location: 2F
0-1: Ball
1-1: Ball
2-1: Ball
3-1: Swinging Strike
3-2: Base on Balls
Batting: LHB Jim Gates 0-0: Called Strike
0-1: Fly out, F7 (Flyball, 7, EV 83.1 MPH)
Runner from 3rd tags up, SCORES, throw by LF
Batting: RHB Jay Gilmore 0-0: Ball
1-0: Ball
2-0: Foul Ball, location: 9LSF
2-1: Ball
3-1: Base on Balls
Ruben Castillo to second
Batting: RHB Keary Meyers 0-0: Foul Ball, location: 7LMF
0-1: Ball
1-1: Called Strike
1-2: Ball
2-2: Foul Ball, location: 9LSF
2-2: Ball
3-2: Fly out, F8 (Flyball, 8LS, EV 92.5 MPH)
Top of the 4th over - 2 runs, 2 hits, 0 errors, 2 left on base; Bowie 3 - Reading 0
BOTTOM OF THE 4TH
Reading Fightin Phils batting - Pitching for Bowie Baysox : RHP Jeffrey Hann
Batting: RHB Alex Lopez 0-0: Ball
1-0: Called Strike
1-1: Called Strike
1-2: Foul Ball, location: 2F
1-2: Reached on error, E6 (Groundball, P, EV 86.3 MPH)
Batting: RHB Mike Calderon 0-0: Called Strike
0-1: Ball
Alex Lopez is caught stealing 2nd base 2-4
1-1: Ball
2-1: Foul Ball, location: 2F
2-2: Ball
3-2: SINGLE (Groundball, 4MD, EV 108.1 MPH)
Batting: LHB Fu-quan Qu 0-0: Called Strike
0-1: Ball
1-1: Ball
2-1: Called Strike
2-2: SINGLE (Line Drive, 5D, EV 97.5 MPH)
Mike Calderon to second
Batting: RHB Chris Perkinson 0-0: Called Strike
0-1: Grounds into double play, 5-4-3 (Groundball, 5, EV 101.9 MPH)
Bottom of the 4th over - 0 runs, 2 hits, 1 error, 1 left on base; Bowie 3 - Reading 0
TOP OF THE 5TH
Bowie Baysox batting - Pitching for Reading Fightin Phils : LHP Steve Latham
Batting: LHB Greg Ladd 0-0: Ball
1-0: Ball
2-0: Foul Ball, location: 7LDF
2-1: Ball
3-1: Foul Ball, location: 2F
3-2: Fly out, F7 (Line Drive, 7D, EV 93.1 MPH)
Batting: RHB Joe Tamayo 0-0: Ball
1-0: Ball
2-0: Called Strike
2-1: SINGLE (Line Drive, 8RS, EV 85.6 MPH)
Batting: RHB Jeremy Smith 0-0: Called Strike
0-1: Foul Ball, location: 25F
0-2: SINGLE (Groundball, 4, EV 93.1 MPH)
Joe Tamayo to second
Batting: RHB Phil King 0-0: SINGLE (Flyball, 6D, EV 95.0 MPH)
Joe Tamayo to third
Jeremy Smith to second
Batting: RHB J.J. Watson 0-0: Called Strike
0-1: Ball
1-1: Fly out, F9 (Flyball, 89S, EV 91.9 MPH)
Batting: RHB Ruben Castillo 0-0: Called Strike
0-1: Foul Ball, location: 23F
0-2: Fielders Choice at 2nd, 6-4 (Groundball, 6, EV 84.4 MPH)
Top of the 5th over - 0 runs, 3 hits, 0 errors, 3 left on base; Bowie 3 - Reading 0
BOTTOM OF THE 5TH
Reading Fightin Phils batting - Pitching for Bowie Baysox : RHP Jeffrey Hann
Batting: LHB Enrico DalSoglio 0-0: Fly out, F5 (Popup, 5F, EV 71.9 MPH)
Batting: LHB Balduíno Granadeiro 0-0: Ball
1-0: Called Strike
1-1: Called Strike
1-2: Ball
2-2: Strikes out swinging
Batting: RHB Tim Obst 0-0: Ball
1-0: Swinging Strike
1-1: Ball
2-1: Foul Ball, location: 3F
2-2: Fly out, F8 (Line Drive, 8RM, EV 93.1 MPH)
Bottom of the 5th over - 0 runs, 0 hits, 0 errors, 0 left on base; Bowie 3 - Reading 0
TOP OF THE 6TH
Bowie Baysox batting - Pitching for Reading Fightin Phils : LHP Steve Latham
Batting: LHB Jim Gates 0-0: Ball
1-0: Called Strike
1-1: TRIPLE (Line Drive, 9D, EV 106.3 MPH)
Batting: RHB Jay Gilmore 0-0: Ball
1-0: Ball
2-0: Ball
3-0: Called Strike
3-1: Base on Balls
Batting: RHB Keary Meyers 0-0: Fly out, F8 (Flyball, 89XD, EV 102.5 MPH)
Runner from 3rd tags up, SCORES, no throw by CF
Batting: LHB Greg Ladd 0-0: Called Strike
0-1: Fielders Choice at 2nd, 1-4 (Groundball, 15S, EV 62.5 MPH)
Batting: RHB Joe Tamayo 0-0: Ball
1-0: Foul Ball, location: 3FF
1-1: SINGLE (Line Drive, 9S, EV 89.4 MPH)
Greg Ladd to second
Batting: RHB Jeremy Smith 0-0: Called Strike
0-1: Ball
1-1: Fly out, F9 (Flyball, 89S, EV 89.4 MPH)
Top of the 6th over - 1 run, 2 hits, 0 errors, 2 left on base; Bowie 4 - Reading 0
BOTTOM OF THE 6TH
Reading Fightin Phils batting - Pitching for Bowie Baysox : RHP Jeffrey Hann
Batting: SHB Matt Crossen 0-0: Foul Ball, location: 2F
0-1: Fly out, F8 (Flyball, 89M, EV 81.3 MPH)
Batting: RHB Bobby Erb 0-0: Ball
1-0: Foul Ball, location: 5F
1-1: Ball
2-1: Ball
3-1: Foul Ball, location: 7LMF
3-2: Base on Balls
Batting: RHB Alex Lopez 0-0: Foul Ball, location: 2RF
0-1: Foul Ball, location: 5F
0-2: Grounds into double play, 4-6-3 (Groundball, 34S, EV 91.9 MPH)
Bottom of the 6th over - 0 runs, 0 hits, 0 errors, 0 left on base; Bowie 4 - Reading 0
TOP OF THE 7TH
Bowie Baysox batting - Pitching for Reading Fightin Phils : LHP Steve Latham
Pitching: RHP Eric Lamerson
Batting: RHB Phil King 0-0: Ball
1-0: Called Strike
1-1: Reached on error, E6 (Groundball, 6, EV 104.4 MPH)
Batting: RHB J.J. Watson 0-0: Ball
1-0: Ball
2-0: Called Strike
2-1: Fly out, F9 (Flyball, 9D, EV 108.8 MPH)
Batting: RHB Ruben Castillo 0-0: Ball
1-0: Swinging Strike
1-1: Ball
2-1: Swinging Strike
2-2: Foul Ball, location: 2F
2-2: Ball
3-2: Base on Balls
Phil King to second
Batting: LHB Jim Gates 0-0: Called Strike
0-1: Ball
1-1: Foul Ball, location: 2F
1-2: Foul Ball, location: 7LSF
1-2: Ball
2-2: Ball
3-2: SINGLE (Line Drive, 89S, EV 98.8 MPH)
Phil King to third
Ruben Castillo to second
Batting: RHB Jay Gilmore 0-0: Called Strike
0-1: Foul Ball, location: 2F
0-2: Strikes out looking
Batting: RHB Keary Meyers 0-0: Foul Ball, location: 2F
0-1: Ball
1-1: Foul Ball, location: 9LSF
1-2: Ball
2-2: Foul Ball, location: 2F
2-2: Strikes out swinging
Top of the 7th over - 0 runs, 1 hit, 1 error, 3 left on base; Bowie 4 - Reading 0
BOTTOM OF THE 7TH
Reading Fightin Phils batting - Pitching for Bowie Baysox : RHP Jeffrey Hann
Batting: RHB Mike Calderon 0-0: Ball
1-0: Ball
2-0: Ball
3-0: Called Strike
3-1: Base on Balls
Batting: LHB Fu-quan Qu 0-0: Called Strike
0-1: Called Strike
0-2: Ball
1-2: Grounds into double play, 4-6-3 (Groundball, 34, EV 81.9 MPH)
Batting: RHB Chris Perkinson 0-0: Called Strike
0-1: Ball
1-1: Ball
2-1: Ground out 6-3 (Groundball, 6, EV 100.6 MPH)
Bottom of the 7th over - 0 runs, 0 hits, 0 errors, 0 left on base; Bowie 4 - Reading 0
TOP OF THE 8TH
Bowie Baysox batting - Pitching for Reading Fightin Phils : RHP Eric Lamerson
Batting: LHB Greg Ladd 0-0: Swinging Strike
0-1: Ball
1-1: Called Strike
1-2: SINGLE (Groundball, 6MD, EV 103.1 MPH)
Pitching: LHP Li-hong Qiao
Batting: RHB Joe Tamayo 0-0: Ball
1-0: Grounds into double play, 6-4-3 (Groundball, 6, EV 77.5 MPH)
Batting: RHB Jeremy Smith 0-0: Called Strike
0-1: SINGLE (Groundball, 4D, EV 94.4 MPH)
Batting: RHB Phil King 0-0: Called Strike
0-1: Ball
1-1: Fly out, F7 (Flyball, 7S, EV 94.4 MPH)
Top of the 8th over - 0 runs, 2 hits, 0 errors, 1 left on base; Bowie 4 - Reading 0
BOTTOM OF THE 8TH
Reading Fightin Phils batting - Pitching for Bowie Baysox : RHP Jeffrey Hann
Batting: LHB Enrico DalSoglio 0-0: Swinging Strike
0-1: Fly out, F7 (Flyball, 7S, EV 93.1 MPH)
Batting: LHB Balduíno Granadeiro 0-0: Foul Ball, location: 2F
0-1: Ball
1-1: Ball
2-1: Ball
3-1: Foul Ball, location: 25F
3-2: Strikes out looking
Batting: RHB Tim Obst 0-0: Foul Ball, location: 9LDF
0-1: Foul Ball, location: 2F
0-2: Foul Ball, location: 2F
0-2: Ball
1-2: Hit by Pitch
Batting: SHB Matt Crossen 0-0: Fly out, F6 (Popup, 56, EV 78.1 MPH)
Bottom of the 8th over - 0 runs, 0 hits, 0 errors, 1 left on base; Bowie 4 - Reading 0
TOP OF THE 9TH
Bowie Baysox batting - Pitching for Reading Fightin Phils : LHP Li-hong Qiao
Batting: RHB J.J. Watson 0-0: Called Strike
0-1: Ball
1-1: Swinging Strike
1-2: Ball
2-2: Ground out 4-3 (Groundball, 4, EV 79.4 MPH)
Batting: RHB Ruben Castillo 0-0: Foul Ball, location: 9LMF
0-1: Ball
1-1: Swinging Strike
1-2: Foul Ball, location: 2F
1-2: SINGLE (Line Drive, 7S, EV 92.5 MPH)
Batting: LHB Jim Gates 0-0: Ball
1-0: Ball
2-0: Ball
3-0: Base on Balls
Ruben Castillo to second
Batting: RHB Jay Gilmore 0-0: Foul Ball, location: 5FF
0-1: SINGLE (Groundball, 5D, EV 96.3 MPH)
Ruben Castillo to third
Jim Gates to second
Batting: RHB Keary Meyers 0-0: Called Strike
0-1: Ball
1-1: SINGLE (Line Drive, 4MD, EV 96.9 MPH)
Ruben Castillo scores
Jim Gates to third
Jay Gilmore to second
Batting: LHB Greg Ladd 0-0: Ball
1-0: Foul Ball, location: 9LMF
1-1: SINGLE (Groundball, 34D, EV 94.4 MPH)
Jim Gates scores
Jay Gilmore to third
Keary Meyers to second
Batting: RHB Joe Tamayo 0-0: Called Strike
0-1: Ball
1-1: SINGLE (Groundball, 34D, EV 101.9 MPH)
Jay Gilmore scores
Keary Meyers to third
Greg Ladd to second
Pinch Hitting: RHB Nick Aguilar 0-0: Ball
1-0: Grounds into fielders choice 5-2 (Groundball, 56S, EV 82.5 MPH)
Greg Ladd to third
Joe Tamayo to second
Pinch Hitting: RHB Bob Schwartz 0-0: Ball
1-0: Ball
2-0: Swinging Strike
2-1: Ground out 4-3 (Groundball, 4, EV 81.3 MPH)
Top of the 9th over - 3 runs, 5 hits, 0 errors, 3 left on base; Bowie 7 - Reading 0
BOTTOM OF THE 9TH
Reading Fightin Phils batting - Pitching for Bowie Baysox : RHP Jeffrey Hann
Now at C: Bob Schwartz
Now at 2B: Joe Tamayo
Now at SS: Nick Aguilar
Batting: RHB Bobby Erb 0-0: Called Strike
0-1: Swinging Strike
0-2: SINGLE (Line Drive, 78S, EV 89.4 MPH)
Batting: RHB Alex Lopez 0-0: Ball
1-0: Called Strike
1-1: SINGLE (Groundball, 34D, EV 98.1 MPH)
Bobby Erb to second
Batting: RHB Mike Calderon 0-0: Ball
1-0: Called Strike
1-1: Foul Ball, location: 9LSF
1-2: Foul Ball, location: 2F
1-2: Ball
2-2: Ball
3-2: Strikes out swinging
Batting: LHB Fu-quan Qu 0-0: Called Strike
0-1: Ball
1-1: Ball
2-1: Fly out, F4 (Popup, 34, EV 68.8 MPH)
Batting: RHB Chris Perkinson 0-0: Swinging Strike
0-1: Called Strike
0-2: Foul Ball, location: 5SF
0-2: Ground out 5-3 (Groundball, 56S, EV 86.9 MPH)
Bottom of the 9th over - 0 runs, 2 hits, 0 errors, 2 left on base; Bowie 7 - Reading 0
Friday, December 27th , 2024 - OOTP Baseball 25.11 Build 101